 Dungeon Crawl Stone Soup version 0.18-a0-1186-gd02dc51 (webtiles) character file.

44 Kidiri the Conjurer (level 3, -2/20 HPs)
             Began as a Deep Elf Conjurer on Jan 28, 2016.
             Was an Initiate of Vehumet.
             Slain by Crazy Yiuf
             ... wielding a +2 quarterstaff of chaos
              (9 damage)
             ... on level 2 of the Dungeon.
             The game lasted 00:03:17 (1224 turns).

Kidiri the Conjurer (Deep Elf Conjurer)             Turns: 1224, Time: 00:03:17

Health: -2/20      AC:  4    Str:  5    XL:     3   Next: 39%
Magic:  1/9        EV: 12    Int: 20    God:    Vehumet [......]
Gold:   34         SH:  0    Dex: 15    Spells: 3 memorised, 2 levels left

rFire  . . .     SeeInvis .     n - +2 dagger (flame)
rCold  . . .     Gourm    .     q - +0 leather armour
rNeg   . . .     Faith    .     (no shield)
rPois  .         Spirit   .     (no helmet)
rElec  .         Dismiss  .     (no cloak)
rCorr  .         Reflect  .     p - +0 pair of gloves
SustAt .         Harm     .     (no boots)
MR     .....                    (no amulet)
Stlth  ++........               (no ring)
                                (no ring)

@: very slightly contaminated, not resistant to hostile enchantments, unstealthy
A: no striking features
a: Renounce Religion


You were on level 2 of the Dungeon.
You worshipped Vehumet.
Vehumet was noncommittal.
You were not hungry.

You visited 1 branch of the dungeon, and saw 2 of its levels.

You collected 34 gold pieces.

Inventory:

Hand Weapons
 n - a +2 dagger of flaming (weapon)
Missiles
 d - 6 poisoned javelins (quivered)
Armour
 p - a +0 pair of gloves (worn)
 q - a +0 leather armour (worn)
Wands
 o - a wand of slowing (24/48)
Scrolls
 j - a scroll of fear {unknown}
 k - a scroll of identify {unknown}
Potions
 e - a potion of flight {unknown}
 f - a potion of invisibility {unknown}
 i - a potion of might {unknown}
 l - a potion of brilliance {unknown}
Books
 b - a book of Conjurations

   Spells                             Type                      Level
   a - Magic Dart                     Conjuration                  1
   b - Searing Ray                    Conjuration                  2
   c - Dazzling Spray                 Conjuration/Hexes            3
   d - Fulminant Prism                Conjuration/Hexes            4
   e - Iskenderun's Mystic Blast      Conjuration                  4
   f - Iskenderun's Battlesphere      Conjuration/Charms           5
Comestibles
 c - a bread ration
 g - 4 fruits
 m - a beef jerky


   Skills:
 + Level 0.5 Fighting
 + Level 0.4 Armour
 * Level 2.9 Dodging
 + Level 2.9 Stealth
 * Level 3.4 Spellcasting
 * Level 4.8 Conjurations
 + Level 0.0 Hexes


You had 2 spell levels left.
You knew the following spells:

 Your Spells              Type           Power        Failure   Level  Hunger
a - Magic Dart            Conj           ###.         3%          1    None
b - Searing Ray           Conj           ###...       6%          2    ##.....
c - Dazzling Spray        Conj/Hex       ##......     28%         3    ###....


Dungeon Overview and Level Annotations

Branches:
Dungeon (2/15)

Altars:
Elyvilon
Nemelex Xobeh
Trog
Vehumet

Annotations:
D:2 Crazy Yiuf


Message History

The spray of energy hits Crazy Yiuf.
Crazy Yiuf is severely wounded.
Crazy Yiuf is dazzled.
Crazy Yiuf hits you with a quarterstaff of chaos!
Ouch! That really hurt!
Unknown command.
Casting: Dazzling Spray
Confirm with . or Enter, or press ? or * to list all spells.
Okay, then.
Crazy Yiuf yells, "Ten infinity koolooloo!"
Casting: Dazzling Spray
Confirm with . or Enter, or press ? or * to list all spells.
Aiming: Magic Dart
Press: ? - help, Shift-Dir - straight line, f/p - Crazy Yiuf
Aim: Crazy Yiuf, wielding a quarterstaff of chaos and wearing a cloak (severely wounded, blind)
The magic dart hits Crazy Yiuf.
Crazy Yiuf is almost dead.
Crazy Yiuf is no longer blind.
Crazy Yiuf hits you with a quarterstaff of chaos!
You die...

#.# #.#..... #.#
#.#.##.# ###
######.# #...#
#..## ###### ###
#...# ##....##
###..)# #....
#......####.'...#
#....
#.....@g#..##...#
#....
#.#....#.### ###
#...# #.########
#..## #.# #.##
#.# ### #### #.#
#.# #.#
#.####)####
######.####
#.........#
#.......)..
##.###.##.#
#.###......


You could see Crazy Yiuf.

Vanquished Creatures
  An adder (D:2)
  A gnoll (D:1)
  An ooze (D:1)
  A giant gecko (D:2)
  2 bats
  4 goblins
  3 hobgoblins (D:1)
  5 kobolds
  2 giant newts (D:1)
  A rat (D:2)
21 creatures vanquished.

Notes
Turn   | Place    | Note
--------------------------------------------------------------
     0 | D:1      | Kidiri the Deep Elf Conjurer began the quest for the Orb.
     0 | D:1      | Reached XP level 1. HP: 10/10 MP: 6/6
    46 | D:1      | Reached XP level 2. HP: 15/15 MP: 2/8
    50 | D:1      | Learned a level 2 spell: Searing Ray
   779 | D:2      | Reached XP level 3. HP: 20/20 MP: 6/9
   784 | D:2      | Learned a level 3 spell: Dazzling Spray
   840 | D:2      | Found a radiant altar of Vehumet.
   850 | D:2      | Became a worshipper of Vehumet
   861 | D:2      | Found a white marble altar of Elyvilon.
   889 | D:2      | Found a bloodstained altar of Trog.
   976 | D:2      | Found a sparkling altar of Nemelex Xobeh.
  1214 | D:2      | Noticed Crazy Yiuf
  1224 | D:2      | Slain by Crazy Yiuf

Vault maps used:
D:1:      grunt_arrival_lava_bath
D:2:      tgw_xom, nicolae_overflow_quartered_altars, uniq_crazy_yiuf_cottage

Action                   || total
-------------------------++-------
Melee: Short sword       ||     1
 Cast: Magic Dart        ||    41
       Dazzling Spray    ||     1
  Eat: Chunk             ||     1
